Cogmind - Beta 15 *** ADVENTURER MODE // 2025.08.03 @ 11:55:58 Player: BattleBruvva Result: Destroyed by C-40 Crusher with Compactor Performance ------------- Evolutions (3) 1500 Regions Visited (7) 1400 Robots Destroyed (16) 80 Value Destroyed (354) 354 Prototype IDs (2) 40 Alien Tech Used (0) 0 Bonus (75) 75 TOTAL SCORE: 3449 Bonus ------- Follower Combat Kills 75 Cogmind --------- Core Integrity 0/700 Matter 299/300 Energy 100/100 System Corruption 12% Temperature Cool (0) Movement Core (50) Location -7/Waste Parts ------- > --- POWER (1) -------- (None) > --- PROPULSION (5) --- (None) > --- UTILITY (5) ------ (None) > --- WEAPON (2) ------- (None) > --- INVENTORY (5) ---- Light Ion Engine Reinforced Ion Engine High-capacity Battery (250) Advanced Terrain Scan Processor Makeshift Cloaking Device Peak State ------------ > --- POWER ------------ Light Deuterium Engine > --- PROPULSION ------- Aerolev Unit Aerolev Unit Aerolev Unit Combat Airjet > --- UTILITY ---------- Small Storage Unit Advanced Visual Processing Unit Seismic Detector > --- WEAPON ----------- Heavy Assault Rifle Makeshift Sword > --- INVENTORY -------- Light Ion Engine Light Ion Engine Reinforced Ion Engine High-capacity Battery Makeshift Cloaking Device Medium Laser Heavy Assault Rifle Grenade Launcher [Rating: 32] Favorites ----------- Power Light Ion Engine Engine Light Ion Engine Propulsion Improved Hover Unit Wheel Compact Wheel Hover Unit Improved Hover Unit Utility Seismic Detector Device Seismic Detector Storage Small Storage Unit Processor Advanced Visual Processing Unit Weapon Heavy Assault Rifle Energy Gun Medium Laser Energy Cannon Particle Cannon Ballistic Gun Heavy Assault Rifle Launcher Grenade Launcher Slashing Weapon Makeshift Sword Build | -11 -10 -10 -10 -9 -8 -7 -7 ------- Run | Yrd Mat Min Exi Min Mat Fac Was Slots Evolved 6 | . . . . . 4 2 . Power . | . . . . . . . . Propulsion 3 | . . . . . 2 1 . Utility 3 | . . . . . 2 1 . Weapon . | . . . . . . . . Parts Attached 28 | 7 6 . 3 5 6 1 . Power 2 | 1 . . . 1 . . . Engine 2 | 1 . . . 1 . . . Core . | . . . . . . . . Reactor . | . . . . . . . . Propulsion 13 | 2 3 . 1 3 4 . . Treads . | . . . . . . . . Leg . | . . . . . . . . Wheel 3 | 2 1 . . . . . . Hover 10 | . 2 . 1 3 4 . . Flight . | . . . . . . . . Utility 4 | 2 . . . . 2 . . Device 1 | 1 . . . . . . . Storage 2 | 1 . . . . 1 . . Processor 1 | . . . . . 1 . . Hackware . | . . . . . . . . Protection . | . . . . . . . . Artifact . | . . . . . . . . Weapon 9 | 2 3 . 2 1 . 1 . Energy Gun 2 | 1 . . . . . 1 . Energy Cannon 1 | . 1 . . . . . . Ballistic Gun 3 | 1 1 . . 1 . . . Ballistic Cannon . | . . . . . . . . Launcher 1 | . 1 . . . . . . Special Weapon . | . . . . . . . . Impact Weapon . | . . . . . . . . Slashing Weapon 2 | . . . 2 . . . . Piercing Weapon . | . . . . . . . . Special Melee Weapon . | . . . . . . . . Unidentified Prototypes 2 | . . . . . 1 1 . Parts Lost 8 | . 1 . . 2 . . 5 Power 1 | . . . . . . . 1 Propulsion 5 | . 1 . . 2 . . 2 Utility 2 | . . . . . . . 2 Weapon . | . . . . . . . . Highest Loss Streak 5 | . 1 . . 2 . . 5 To Critical Strikes 1 | . . . . . . . 1 Average Backups 7 | 1 7 8 8 8 7 8 8 Power 1 | . 2 1 1 1 2 2 2 Propulsion 1 | 1 3 2 2 1 . . . Utility 1 | . . 1 2 2 2 3 3 Weapon 2 | . 1 3 3 3 3 3 2 Tool/Special . | . . . . . . . . Unused Backups 14 | . 4 2 1 . . . 7 Power 3 | . . 1 . . . . 2 Propulsion 5 | . 4 . . . . . 1 Utility 5 | . . 1 1 . . . 3 Weapon 1 | . . . . . . . 1 Tool/Special . | . . . . . . . . Average Slot Usage (%) 92 | . 98 100 100 96 80 76 53 Engine 12 | . 14 14 14 14 9 7 4 Wheel 3 | . 23 . . . . . . Hover 23 | . 3 28 28 25 31 30 20 Device 12 | . 14 14 14 14 9 7 5 Storage 12 | . 14 14 14 14 9 7 5 Processor 1 | . . . . . 4 7 5 Energy Gun 6 | . 13 14 9 . . . 5 Ballistic Gun 14 | . 14 14 14 21 13 6 . Launcher 1 | . . . . 5 1 7 4 Slashing Weapon 2 | . . . 4 . 3 . . Peak Build Rating 32 | 7 12 11 16 17 32 32 32 Average Rating 14 | 5 7 11 12 15 25 30 22 On Entrance 15 | . 7 11 11 16 17 30 32 Naked Turns 30 | . . . . . . . 30 Heaviest Build 27 | 12 14 14 14 17 27 22 21 Greatest Support 36 | 32 32 14 16 19 36 36 36 Greatest Overweight (x) 4 | . 1 . . 4 . . 1 Average Overweight (x) . | . . . . . . . . Largest Inventory Capacity 10 | 8 8 8 8 8 10 10 10 Average Capacity 8 | 7 8 8 8 8 8 10 8 Most Carried 9 | 6 8 8 8 8 9 9 9 Average Carried 7 | 2 7 7 8 7 7 8 7 Final Capacity 10 | 8 8 8 8 8 10 10 5 Final Carried 9 | 6 8 8 8 8 8 9 5 Class Distribution -------------------- 65% | Mutant 34% | Commander-Mutant Dominant Class ---------------- Mutant | -10/Materials Mutant | -10/Mines Commander-Mutant | -10/Exiles Mutant | -9/Mines Mutant | -8/Materials Mutant | -7/Factory Mutant | -7/Waste Resources | -11 -10 -10 -10 -9 -8 -7 -7 ----------- Run | Yrd Mat Min Exi Min Mat Fac Was Matter Collected 752 | 250 82 . 104 145 171 . . Remotely . | . . . . . . . . Salvage Created 612 | 30 301 . 165 72 44 . . Parts 41 | 5 18 . 5 7 6 . . Haulers Intercepted 1 | . 1 . . . . . . Recyclers Shooed . | . . . . . . . . Parts Field Recycled . | . . . . . . . . Retrieved Matter . | . . . . . . . . Parts Self-Destructed . | . . . . . . . . Prevented . | . . . . . . . . Kills | -11 -10 -10 -10 -9 -8 -7 -7 ------- Run | Yrd Mat Min Exi Min Mat Fac Was Combat Hostiles Destroyed 13 | . 4 . . 6 3 . . Guns 8 | . 2 . . 6 . . . AOE 5 | . 2 . . . 3 . . Classes Destroyed 7 | 1 3 . . 2 1 . . Tunneler 1 | 1 . . . . . . . Hauler 1 | . 1 . . . . . . Recycler 1 | . 1 . . . . . . Operator 1 | . . . . . 1 . . Swarmer 6 | . . . . 3 3 . . Grunt 6 | . 4 . . 2 . . . Assembled 1 | . . . . 1 . . . Best Kill Streak 3 | 1 3 . . 3 3 . . Combat Bots Only 3 | . 2 . . 3 3 . . Max Kills in Single Turn 3 | 1 1 . . 2 3 . . Gunslinging 1 | . . . . 1 . . . Exploded 3 | . 1 . . . 3 . . Melee . | . . . . . . . . Uniques/NPCs Destroyed . | . . . . . . . . Combat | -11 -10 -10 -10 -9 -8 -7 -7 -------- Run | Yrd Mat Min Exi Min Mat Fac Was Hostile Shots Fired 92 | . 18 . . 37 15 . 22 Missed 27 | . 6 . . 13 7 . 1 Hits 65 | . 12 . . 24 8 . 21 Melee 23 | . . . . 2 . . 21 Projectile 42 | . 12 . . 22 8 . . AOE 2 | . . . . 2 . . . Critical Strikes 14 | . . . . . . . 14 Damage Taken 1260 | 1 123 . . 302 50 . 784 Core 780 | . 46 . . 22 4 . 708 Absorbed by Shields . | . . . . . . . . Ignored by Resistances 343 | . 36 . . 86 18 . 203 Core Remaining (%) 90 | 100 . . . 72 99 . . Volleys Fired 52 | 2 12 . 8 23 7 . . Largest 2 | 2 2 . 2 2 2 . . Hottest 73 | 70 70 . 73 53 46 . . Shots Fired 93 | 4 24 . 16 38 11 . . Gun 79 | 4 21 . 16 30 8 . . Cannon . | . . . . . . . . Launcher 14 | . 3 . . 8 3 . . Special . | . . . . . . . . Kinetic 60 | 2 12 . 8 30 8 . . Thermal 19 | 2 9 . 8 . . . . Explosive 14 | . 3 . . 8 3 . . Electromagnetic . | . . . . . . . . Robot Hit Streak 12 | 3 10 . 11 12 6 . . Robot Miss Streak 4 | . 1 . . 4 2 . . Penetration Max . | . . . . . . . . Secondary Targets 1 | . . . . 1 . . . Max Gunslinging Chain 1 | . . . . 1 . . . Shots Hit Robots 70 | 3 19 . 16 25 7 . . Core Hits 35 | 1 12 . 6 11 5 . . Critical Kills . | . . . . . . . . Critical Parts Destroyed . | . . . . . . . . Critical Strikes 2 | . . . 2 . . . . Burn 2 | . . . 2 . . . . Melee Attacks 17 | . . . 16 . 1 . . Impact . | . . . . . . . . Slashing 17 | . . . 16 . 1 . . Piercing . | . . . . . . . . Sneak Attacks . | . . . . . . . . Combat Hostiles . | . . . . . . . . Follow-up Attacks . | . . . . . . . . Damage Inflicted 2051 | 36 334 . 722 667 252 . 40 Guns 710 | 32 153 . 132 286 107 . . Cannons . | . . . . . . . . Explosions 689 | . 181 . . 363 145 . . Melee 590 | . . . 590 . . . . Ramming 62 | 4 . . . 18 . . 40 Kinetic 544 | 6 79 . 66 286 107 . . Thermal 166 | 26 74 . 66 . . . . Explosive 689 | . 181 . . 363 145 . . Electromagnetic . | . . . . . . . . Impact . | . . . . . . . . Slashing 590 | . . . 590 . . . . Piercing . | . . . . . . . . Highest Corruption 12 | . . . . . . . 12 Average Corruption 4 | . . . . . . . 4 Corruption Purged . | . . . . . . . . Corruption Blocked . | . . . . . . . . Effects 1 | . . . . . . . 1 Matter Fused 1 | . . . . . . . 1 Overload Shots . | . . . . . . . . Overflow Damage 98 | . . . 98 . . . . Projectiles . | . . . . . . . . Explosions . | . . . . . . . . Melee 98 | . . . 98 . . . . Knockbacks . | . . . . . . . . Impact . | . . . . . . . . Kinetic . | . . . . . . . . Secondary . | . . . . . . . . Self-Inflicted Damage 27 | 1 . . . 9 . . 17 Shots . | . . . . . . . . Rammed 17 | 2 . . . 2 . . 13 Targets Rammed 17 | 2 . . . 2 . . 13 Kicked . | . . . . . . . . Crushed . | . . . . . . . . Highest Temperature 77 | 40 77 . 56 40 . . . Average Temperature 26 | 23 30 . 25 21 . . . Received Heat Transfer 156 | . 90 . . 66 . . . Siege Activations . | . . . . . . . . Martial Activations . | . . . . . . . . Shielding Activations . | . . . . . . . . Robots Disrupted . | . . . . . . . . Combat Hostiles . | . . . . . . . . Robots Corrupted . | . . . . . . . . Combat Hostiles . | . . . . . . . . Parts Fried . | . . . . . . . . Impact Corruptions . | . . . . . . . . Robots Melted . | . . . . . . . . Combat Hostiles . | . . . . . . . . Parts Melted . | . . . . . . . . Heat Transferred 629 | 74 222 . 333 . . . . Parts Sabotaged . | . . . . . . . . Parts Stolen . | . . . . . . . . Parts Stripped . | . . . . . . . . Power Chain Reactions . | . . . . . . . . Alert | -11 -10 -10 -10 -9 -8 -7 -7 ------- Run | Yrd Mat Min Exi Min Mat Fac Was Maximum Alert Level . | . . . . . . . . Low Security (%) 100 | 100 100 100 . 100 100 100 100 Level 1 . | . . . . . . . . Level 2 . | . . . . . . . . Level 3 . | . . . . . . . . Level 4 . | . . . . . . . . Level 5 . | . . . . . . . . High Security . | . . . . . . . . Max Security . | . . . . . . . . Peak Influence 112 | 5 81 6 . 89 112 31 . Initial 31 | . . 6 . . 19 31 . Average 23 | . 31 1 . 26 39 13 . Influence Increases 572 | 5 138 . 10 182 237 . . Destroy 0b10 Robot/C 320 | . 80 . . 120 120 . . Destroy 0b10 Robot/NC 30 | 5 10 . 10 . 5 . . Destroy Leader 72 | . 22 . . 20 30 . . Allied During Kill 11 | . . . . 9 2 . . Successful Hack 39 | . 17 . . . 22 . . Disable Machine 18 | . 9 . . 9 . . . Destroy Structure 52 | . . . . 24 28 . . Partial Spotted 30 | . . . . . 30 . . Influence Decreases 572 | 5 117 21 10 123 214 82 . Entered New Map 106 | . . 15 . . 40 51 . Time Decay 400 | 5 117 6 10 121 110 31 . Lost Part 2 | . . . . 2 . . . Lost Ally 64 | . . . . . 64 . . Squads Dispatched 1 | . . . . . 1 . . Investigation 1 | . . . . . 1 . . Extermination . | . . . . . . . . Reinforcement . | . . . . . . . . Assault . | . . . . . . . . Garrison . | . . . . . . . . Intercept . | . . . . . . . . Searches Triggered . | . . . . . . . . Construction Impeded . | . . . . . . . . Haulers Reinforced . | . . . . . . . . Active Scanning Responses . | . . . . . . . . Cargo Convoy Interrupts . | . . . . . . . . Stealth | -11 -10 -10 -10 -9 -8 -7 -7 --------- Run | Yrd Mat Min Exi Min Mat Fac Was Distress Signals 1 | . 1 . . . . . . Communications Jammed . | . . . . . . . . Distress Signals . | . . . . . . . . Times Spotted 56 | . 9 . . 35 6 . 6 Peak Tracking Total 20 | . 3 . . 20 3 . 6 Tactical Retreats 1 | . . . . 1 . . . Traps | -11 -10 -10 -10 -9 -8 -7 -7 ------- Run | Yrd Mat Min Exi Min Mat Fac Was Traps Triggered 3 | . . . . . 2 1 . Indirectly . | . . . . . . . . Trap Hack Attempts . | . . . . . . . . Triggered . | . . . . . . . . Disarmed . | . . . . . . . . Reprogrammed . | . . . . . . . . Reused . | . . . . . . . . Traps Extracted . | . . . . . . . . Installed . | . . . . . . . . Triggered . | . . . . . . . . Machines | -11 -10 -10 -10 -9 -8 -7 -7 ---------- Run | Yrd Mat Min Exi Min Mat Fac Was Machines Disabled 2 | . 1 . . 1 . . . Max in Single Turn 1 | . 1 . . 1 . . . Machines Repaired . | . . . . . . . . Machines Dismantled . | . . . . . . . . Machines Sabotaged . | . . . . . . . . Overloaded Fab Kills . | . . . . . . . . Hacking | -11 -10 -10 -10 -9 -8 -7 -7 --------- Run | Yrd Mat Min Exi Min Mat Fac Was Machines Accessed 10 | . 2 . 4 . 3 1 . Terminals 5 | . 2 . . . 3 . . Fabricators . | . . . . . . . . Repair Stations . | . . . . . . . . Recycling Units 1 | . . . . . . 1 . Scanalyzers . | . . . . . . . . Garrison Access . | . . . . . . . . Total Hacks 62 | . 4 . 49 . 6 3 . Successful 56 | . 3 . 49 . 3 1 . Failed 6 | . 1 . . . 3 2 . Catastrophic . | . . . . . . . . Database Lockouts . | . . . . . . . . Manual 8 | . 2 . . . 6 . . Terminals 10 | . 4 . . . 6 . . Fabricators . | . . . . . . . . Repair Stations . | . . . . . . . . Recycling Units 3 | . . . . . . 3 . Scanalyzers . | . . . . . . . . Garrison Access . | . . . . . . . . Terminal Hacks 51 | . 1 . 49 . 1 . . Record 49 | . . . 49 . . . . Robot Analysis 1 | . 1 . . . . . . Level Access Points 1 | . . . . . 1 . . Fabricator Hacks . | . . . . . . . . Repair Station Hacks . | . . . . . . . . Recycling Unit Hacks 1 | . . . . . . 1 . Report Inventory 1 | . . . . . . 1 . Scanalyzer . | . . . . . . . . Garrison Access Hacks . | . . . . . . . . Unauthorized Hacks 4 | . 2 . . . 2 . . Terminals 4 | . 2 . . . 2 . . Botnet 4 | . 2 . . . 2 . . Fabricators . | . . . . . . . . Repair Stations . | . . . . . . . . Recycling Units . | . . . . . . . . Scanalyzers . | . . . . . . . . Garrison Access . | . . . . . . . . Data Cores Recovered 1 | . . . . . 1 . . Used 1 | . . . . . 1 . . Hacking Detections 6 | . 2 . . . 3 1 . Full Trace Events 1 | . . . . . 1 . . Feedback Events . | . . . . . . . . Feedback Blocked . | . . . . . . . . Robot Schematics Acquired . | . . . . . . . . Robots Built . | . . . . . . . . Authchips . | . . . . . . . . Time . | . . . . . . . . Total Robot Build Rating . | . . . . . . . . Part Schematics Acquired . | . . . . . . . . Parts Built . | . . . . . . . . Authchips . | . . . . . . . . Time . | . . . . . . . . Total Part Build Rating . | . . . . . . . . Parts Repaired . | . . . . . . . . Time . | . . . . . . . . Parts Recycled . | . . . . . . . . Recycled Matter . | . . . . . . . . Retrieved Matter . | . . . . . . . . Retrieved Components . | . . . . . . . . Parts Scanalyzed . | . . . . . . . . Part Schematics Acquired . | . . . . . . . . Parts Damaged . | . . . . . . . . Bothacking | -11 -10 -10 -10 -9 -8 -7 -7 ------------ Run | Yrd Mat Min Exi Min Mat Fac Was Used RIF Installer . | . . . . . . . . Robots Hacked . | . . . . . . . . Non-combat . | . . . . . . . . Combat . | . . . . . . . . Robot Hacks Applied . | . . . . . . . . Relay Couplers Released . | . . . . . . . . Fabnet Peak Effective % . | . . . . . . . . Robots Rewired 4 | . . . 4 . . . . Allies Hacked . | . . . . . . . . Hacks Repelled . | . . . . . . . . Allies | -11 -10 -10 -10 -9 -8 -7 -7 -------- Run | Yrd Mat Min Exi Min Mat Fac Was Total Allies 9 | . . . 4 5 . . . Largest Group 6 | . . . 4 6 4 . . Highest-Rated Group 97 | . . . 45 97 61 . . Highest-Rated Ally 31 | . . . 21 31 21 . . Total Orders . | . . . . . . . . Ally Attacks 49 | . . . . 20 29 . . Total Damage 655 | . . . . 195 460 . . Kills 7 | . . . . 4 3 . . Allies Corrupted . | . . . . . . . . Allies Melted . | . . . . . . . . Intel | -11 -10 -10 -10 -9 -8 -7 -7 ------- Run | Yrd Mat Min Exi Min Mat Fac Was Active Infowar (turns) 1946 | 17 320 60 743 383 237 92 94 Optics 306 | . . . . . 120 92 94 Seismic 1943 | 17 320 60 743 383 237 92 91 Robot Analysis Total 1 | . 1 . . . . . . Derelict Logs Recovered 2 | . . 1 . 1 . . . Drone Launches . | . . . . . . . . Drone Recoveries . | . . . . . . . . Exploration | -11 -10 -10 -10 -9 -8 -7 -7 ------------- Run | Yrd Mat Min Exi Min Mat Fac Was Turns Passed 2044 | 85 320 60 743 383 237 92 124 Spaces Moved 2722 | 63 301 104 1093 407 401 197 156 Core 13 | 3 . . . 8 . . 2 Treads . | . . . . . . . . Legs . | . . . . . . . . Wheels 310 | 60 250 . . . . . . Hover 2399 | . 51 104 1093 399 401 197 154 Flight . | . . . . . . . . Fastest Speed 45 | 50 56 56 56 56 45 45 45 Average Speed 60 | 97 88 56 56 71 50 45 50 Slowest Speed 250 | 100 125 56 56 250 66 45 150 Overloaded Moves . | . . . . . . . . Propulsion Burnouts . | . . . . . . . . Robots Hopped . | . . . . . . . . Potential Cave-ins . | . . . . . . . . Cave-ins Triggered . | . . . . . . . . Exploration Rate (%) 41 | 4 47 24 92 64 28 7 66 Regions Visited 7 Branch Regions 3 Pre-discovered Areas 2 | . . . 1 1 . . . Known Exits Taken 1 | . . . . . 1 . . Unknown Exits Taken 5 | 1 1 1 1 1 . . . Scrap Searched 1 | . . . . 1 . . . Spaces Dug 1 | . . . . . 1 . . Terrain Destroyed 65 | . . . . 37 28 . . Melee 1 | . . . . . 1 . . Projectile . | . . . . . . . . AOE 64 | . . . . 37 27 . . Terrain Rammed . | . . . . . . . . Walls Destroyed . | . . . . . . . . Machines Disabled . | . . . . . . . . Actions | -11 -10 -10 -10 -9 -8 -7 -7 --------- Run | Yrd Mat Min Exi Min Mat Fac Was Total 2990 | 79 333 107 1185 459 425 200 202 Wait 100 | . . . 46 21 . . 33 Move 2716 | 62 300 103 1092 406 400 197 156 Hop . | . . . . . . . . Pick Up 20 | 6 7 2 1 . 3 1 . Fast Attach 12 | 7 1 . . 1 3 . . Attach 3 | . 1 . . 1 1 . . Detach 1 | . . . . . 1 . . Swap 18 | . 6 . 3 4 4 1 . Drop 15 | . 6 2 1 1 5 . . Fire 52 | 2 12 . 8 23 7 . . Melee 17 | . . . 16 . 1 . . Ram 17 | 2 . . . 2 . . 13 Kick . | . . . . . . . . Crush . | . . . . . . . . Escape Stasis . | . . . . . . . . Rewire 19 | . . . 18 . . 1 . Trap . | . . . . . . . . Miscellaneous . | . . . . . . . . Route ------- -11/Scrapyard -10/Materials (discovered 2 exits: [*Mat] / [*Min]) -10/Mines -10/Exiles -9/Mines -8/Materials (discovered 4 exits: *Fac x3 / [*Sto]) -7/Factory -7/Waste History --------- Turn | Location | Event 26 | -11/Scrapyard | Discovered new exit (range 16) 86 | -11/Scrapyard | Entered Materials 216 | -10/Materials | Discovered new exit (range 13) 288 | -10/Materials | Discovered new exit (range 14) 310 | -10/Materials | Build established: Mutant 406 | -10/Materials | Entered Mines 428 | -10/Mines | Learned Materials stockpile data 435 | -10/Mines | Received a Rocket Launcher from a helpful Derelict 463 | -10/Mines | Deemed a non-threat by the Exiles lab entrance 464 | -10/Mines | Discovered new exit (range 5) 466 | -10/Mines | Entered Exiles 466 | -10/Exiles | Found Exiles lab destroyed 723 | -10/Exiles | Discovered new exit (range 11) 859 | -10/Exiles | Learned location of Zion (-6) 1032 | -10/Exiles | Build established: Commander-Mutant 1209 | -10/Exiles | Entered Mines 1209 | -9/Mines | Accompanied by 4 allies 1210 | -9/Mines | Assembled infested the area 1215 | -9/Mines | Assisted by a Guerilla fighting off Assembled 1220 | -9/Mines | Learned Materials emergency access door positions 1304 | -9/Mines | Lost 3 allies 1437 | -9/Mines | Assisted by bots powering up and referring to "LRC-V3" 1572 | -9/Mines | Discovered new exit (range 8) 1574 | -9/Mines | Learned location of Storage (-8) 1592 | -9/Mines | Entered Materials 1592 | -8/Materials | Accompanied by 4 allies 1592 | -8/Materials | Evolved 4 slots: Propulsion x2, Utility x2 1604 | -8/Materials | Identified exit to Factory 1685 | -8/Materials | Discovered new exit (range 8) 1829 | -8/Materials | Entered Factory 1829 | -7/Factory | Evolved 2 slots: Propulsion x1, Utility x1 1921 | -7/Factory | Sucked down chute 1921 | -7/Factory | Entered Waste 1936 | -7/Waste | EMP discharged 1938 | -7/Waste | Build established: Mutant 1947 | -7/Waste | Spotted C-40 Crusher 1964 | -7/Waste | Spotted C-40 Crusher 1965 | -7/Waste | Spotted C-40 Crusher 1992 | -7/Waste | Spotted C-40 Crusher 1993 | -7/Waste | Spotted C-40 Crusher 1994 | -7/Waste | Crushed by Compactor (1 part destroyed, 2 dropped) 1997 | -7/Waste | Spotted C-40 Crusher 2005 | -7/Waste | Crushed by Compactor (1 part destroyed, 1 dropped) 2012 | -7/Waste | Crushed by Compactor (1 part destroyed, 2 dropped) 2015 | -7/Waste | Crushed by Compactor (1 part destroyed) 2034 | -7/Waste | Core integrity fell below 50% 2036 | -7/Waste | EMP discharged 2037 | -7/Waste | System corruption reached 10% 2041 | -7/Waste | Core integrity fell below 20% 2045 | -7/Waste | Destroyed by C-40 Crusher with Compactor Last Messages --------------- 02003_ System corrupted: Matter fused (-7). 02004_ Slammed into C-40 Crusher. 02005_ Lgt. Deuterium Engine crushed. 02005_ Aerolev Unit crushed. 02012_ Med. Storage Unit crushed. 02012_ Adv. Beam Rifle crushed. 02012_ Seismic Detector crushed. 02012_ Critical hit (Destroy). 02012_ Cmb. Airjet destroyed. 02015_ Adv. Beam Rifle crushed. 02015_ Adv. Visual Processing Unit crushed. 02026_ ALERT: Foreign system detected. Charging EMP. 02034_ Slammed into C-40 Crusher. 02036_ System corrupted (+4). 02036_ Slammed into C-40 Crusher. 02036_ Destabilizing: System corrupted (+2). 02037_ Slammed into C-40 Crusher. 02043_ Destabilizing: System corrupted (+2). 02044_ Slammed into C-40 Crusher. Map ----- +----------------------------------------------------+ | ?????????????????????????????????????????????????? | | ?????????????????????????????????????????????????? | | ?????????????????????????????????????????????????? | | ?????????????????????????????????????????????????? | | #####??????????????##########????????????????????? | | #??????????????# #????????????????????? | | #??????????????# #????????????????????? | | #??????????????# #????????????????????? | | #??????????????# #????????????????????? | | ! ???????????????# #????????????????????? | | ???????????????# #????????????????????? | | ????????????????# #????????????????????? | | ??????######????# #????????????????????? | | #??????# #????### ###????????????????????? | | !#??????# #??????# #??????????????????????? | | !#??????# #??????# #?????????? #??????????? | | #??????# #??????# #???????? #??????????? | | ######## #??????# ######## ###????????? | | #??????# #????????? | | #??????# CCCC #????????? | | #??????# CCCC #????????? | | #??????# CC #????????? | | ######## #??????# CC######## ###????????? | | #??????# #??????#CCCC#????????? #??????????? | | #??????# #??????#CCCC#???????????#??????????? | | #??????# #??????# CC@#??????????????????????? | | #??????# ######## CC[#??????????????????????? | | #??????# [=#??????????????????????? | | #??????# !/#??????????????????????? | | #??????# #??????????????????????? | | #??????# #??????????????????????? | | #??????# ######## #??????????????????????? | | #??????# #??????# #??????????????????????? | | #??????# #??????# #??????????????????????? | | #??????# #??????# #??????????????????????? | | #??????# ######## #??????????????????????? | | #??????# * #??????????????????????? | | #??????# #??????????????????????? | | #??????# #??????????????????????? | | #??????# #??????????????????????? | | #??????# ######## #??????????????????????? | | #??????# #??????# #??????????????????????? | | #??????# #??????# #??????????????????????? | | #??????# #??????# #??????????????????????? | | ###????# #??????# #??????????????????????? | | #????######??????######??????????????????????? | | #????????????????????????????????????????????? | | #????????????????????????????????????????????? | | #????????????????????????????????????????????? | | #????????????????????????????????????????????? | +----------------------------------------------------+ Best States ------------- Heat Dissipation 34 Energy Generation 14 Energy Capacity 140 Matter Stores 300 Matter Capacity 300 Sight Range 20 Terrain Scan Density 10 Resistance: KI 20 Resistance: TH 20 Resistance: EX 20 Resistance: EM 20 Resistance: I 20 Resistance: S 20 Resistance: P 20 Evasion (%) 56 Offensive Hacking 10 Item Schematics ----------------- None Robot Schematics ------------------ None Fabricated ------------ Nothing Repaired ---------- Nothing Alien Tech Used ----------------- None Achievements -------------- None Challenges ------------ None Game ------ Seed ParticleAlloySpear Manual? 0 Play Time 00:28:54 Cumulative 42.5 hours Start 2025.08.03 @ 11:28:38 End 2025.08.03 @ 11:55:58 Sessions 1 Manual Loads 0 Difficulty Adventurer Special Mode None Game No. 17 Rogue 4 Adventurer 13 Explorer 0 Win Type - Total 2 Types 0/0/2/0/0/0/0/0/0/0 Lore% 39 Gallery% 36 Achievement% 38 Wizard Run 0 Options --------- Layout 2 ASCII 0 Keyboard 1 Movement Arrows Keybinds 0 Fullscreen 2 Font 24/Smallcaps Map View 50x44 Zoom Use 0% Tactical HUD 1 Map Filters NONE Filters NONE Steam 1 RUN: e934c986-47fa-4e2d-b704-9d8ef6e6ed2c